 Dungeon Crawl Stone Soup version 0.29-a0-789-g7a8fcbc185 (webtiles) character file.

Game seed: 14089356280750248870

51 jt the Chopper (level 4, -39/57 HPs)
             Began as a Meteoran Berserker on July 2, 2022.
             Was a Believer of Trog.
             Killed by an exploding hobgoblin (40 damage)
             ... ignited by their inner flame
             ... on level 2 of the Dungeon.
             The game lasted 00:03:02 (664 turns).

jt the Chopper (Meteoran Berserker)                  Turns: 664, Time: 00:03:02

Health: -39/57     AC:  3    Str: 20    XL:     4   Next: 25%
Magic:  5/5        EV: 12    Int:  8    God:    Trog [**....]
Gold:   63         SH:  0    Dex: 14    Spells: 3/3 levels left

rFire   . . .      SeeInvis .   a - +0 hand axe
rCold   . . .      Faith    .   (no shield)
rNeg    . . .      Spirit   .   c - +0 leather armour
rPois   .          Reflect  .   (no helmet)
rElec   .          Harm     .   (no cloak)
rCorr   .          Rampage  .   (no gloves)
Will    .....                   (no boots)
Stlth   ..........              (no amulet)
HPRegen 0.19/turn               (no ring)
MPRegen 0.09/turn               (no ring)

@: berserking, glowing, very quick
A: sense surroundings 1, otherworldly, glowing, explore regen
a: Renounce Religion, Berserk, Trog's Hand


You were on level 2 of the Dungeon.
You worshipped Trog.
Trog was pleased with you.
You visited 1 branch of the dungeon, and saw 3 of its levels.

You collected 63 gold pieces.

Inventory:

Hand Weapons
 a - a +0 hand axe (weapon)
 e - a +0 spear
 f - a +0 mace
 h - a +0 flail
 q - a +0 sling
Missiles
 i - 5 stones (quivered)
 k - 5 poisoned darts
Armour
 b - a +0 animal skin
 c - a +0 leather armour (worn)
Scrolls
 d - a scroll of vulnerability {unknown}
 g - a scroll of identify {unknown}
 n - a scroll of enchant armour {unknown}
 o - 2 scrolls of immolation
 p - a scroll of blinking {unknown}
 r - a scroll of fog {unknown}
 s - a scroll of noise {unknown}
Potions
 j - 2 potions of heal wounds {unknown}
 l - a potion of might {unknown}
 m - a potion of ambrosia {unknown}


   Skills:
 - Level 3.2 Fighting
 + Level 5.6 Axes
 - Level 2.4 Armour
 - Level 2.4 Dodging


You had 3 spell levels left.
You didn't know any spells.
Your spell library was empty.

Dungeon Overview and Level Annotations

Branches:
Dungeon (3/15) Zot: 1132

Altars:


Innate Abilities, Weirdness & Mutations

You passively map a small area around you.
You are easily found by Zot.
You glow in the dark.
You regain HP and MP as you explore.


Message History

You see here a worm corpse.
There is a stone staircase leading down here.
You climb downwards.
The frilled lizard hisses angrily.
The hobgoblin shouts!
The kobold shouts!
The hobgoblin shouts!
Found a runed plate armour and a scroll labelled KABLU UNNUPP.
There is a stone staircase leading up here.
As you read the scroll labelled KEONAP ERRIM, it crumbles to dust.
The creatures around you are filled with an inner flame!
It was a scroll of immolation.
The hobgoblin misses you.
You aren't carrying any items that you can evoke.
Unknown command.
Okay, then.
The hobgoblin closely misses you.
The rat twitches its whiskers.
The kobold hits you with a +0 short sword.
You climb upwards.
There is a stone staircase leading down here.
Okay, then.
A red film seems to cover your vision as you go berserk!
You feel yourself moving faster!
You feel mighty! The hobgoblin hits you.
The kobold hits you with a +0 short sword.
You barely miss the hobgoblin. You barely miss the kobold.
You closely miss the hobgoblin. You slash the kobold! Trog accepts your kill.
The kobold explodes!
The fiery explosion engulfs you!!
You are engulfed in blazing flames.
* * * LOW HITPOINT WARNING * * *
The hobgoblin hits you.
* * * LOW HITPOINT WARNING * * *
You closely miss the hobgoblin.
You are engulfed in blazing flames.
* * * LOW HITPOINT WARNING * * *
The hobgoblin hits you.
* * * LOW HITPOINT WARNING * * *
You slash the hobgoblin! Trog accepts your kill.
The hobgoblin explodes!
The fiery explosion engulfs you!!!
Ouch! That really hurt!
You die...

#..........).......#
*
#.........###.###.##
* ###....### #.# ,,
#....# #.# * * ***
#....#####.##########
##......##..........#
####§#.###########.#
#§#.#...........#
#@#.#.###########
#§#.#.# #§#.#.#
#.#.#.# #.#.#.#
####.#.#.##
##......#..#
#.......†..#
#..##.###..#


There were no monsters in sight!

Vanquished Creatures
  An adder (D:2)
  A worm (D:2)
  A dart slug (D:2)
  An orc (D:3)
  6 ball pythons
  2 giant cockroaches
  2 goblins (D:2)
  3 hobgoblins
  5 jackals
  3 kobolds
  A quokka (D:1)
  2 bats (D:3)
  A frilled lizard (D:1)
  3 rats
32 creatures vanquished.

Notes
Turn   | Place    | Note
-------+----------+-------------------------------------------
     0 | D:1      | jt the Meteoran Berserker began the quest for the Orb.
     0 | D:1      | Reached XP level 1. HP: 19/19 MP: 2/2
   110 | D:1      | Reached skill level 4 in Axes
   117 | D:1      | Reached XP level 2. HP: 22/26 MP: 3/3
   158 | D:1      | Found a faded altar of an unknown god.
   229 | D:2      | Reached XP level 3. HP: 23/31 MP: 4/4
   291 | D:2      | Reached skill level 5 in Axes
   374 | D:3      | Reached ** piety under Trog
   475 | D:2      | Reached XP level 4. HP: 38/38 MP: 5/5
   663 | D:2      | HP: 1/57 [hobgoblin (3)]
   664 | D:2      | Killed by an exploding hobgoblin... ignited by their inner
                  | flame

Illustrated notes

Levels and vault maps discovered:
D:1:      saegor_arrival_simple_d, layout_basic, basic_ecumenical_altar
D:2:      layout_loops_ring
D:3:      layout_rooms, kennysheep_orc_chapel

Skill      XL: |  1  2  3 |
---------------+----------+-----
Axes           | 4 5 |  5.6
Fighting       | |  3.2
Armour         | |  2.4
Dodging        | |  2.4

Action                   |  1- 3 |  4- 6 || total
-------------------------+-------+-------++-------
Melee: Hand axe          |    62 |    32 ||    94
       Punch             |     1 |       ||     1
Invok: Berserk           |       |     1 ||     1
  Use: Scroll            |       |     1 ||     1
Armor: Animal skin       |     1 |       ||     1
       Leather armour    |    24 |     4 ||    28
Dodge: Dodged            |    36 |    11 ||    47

Table legend: (Time is in decaauts)
 A = Elapsed time spent in this place.
 B = Non-inter-level travel time spent in this place.
 C = Inter-level travel time spent in this place.
 D = Time resting spent in this place.
 E = Time spent auto-exploring this place.
 F = Levels seen in this place.
 G = Mean time per level.
                   A        B        C        D        E       F      G
               +--------+--------+--------+--------+--------+-----+--------+
         Total |    667 |    640 |     27 |      0 |     48 |   3 |  222.3 |
       Dungeon |    667 |    640 |     27 |      0 |     48 |   3 |  222.3 |
               +--------+--------+--------+--------+--------+-----+--------+

Top non-repeatable levels by time:
     D:2: 367 daAuts
     D:1: 177 daAuts
     D:3: 122 daAuts
